 Dungeon Crawl Stone Soup version 0.24-a0-181-gd121a6d (webtiles) character file.

Game seed: 8862015617130629598

56 Ijustatesigmund the Magician (level 3, -1/24 HPs)
             Began as an Octopode Wizard on Mar 14, 2019.
             Slain by an adder (3 damage)
             ... on level 3 of the Dungeon.
             The game lasted 00:08:46 (3328 turns).

Ijustatesigmund the Magician (Octopode Wizard)      Turns: 3328, Time: 00:08:46

Health: -1/24      AC:  2    Str:  5 (6)  XL:     3   Next: 95%
Magic:  3/7        EV: 13    Int: 19 (20) God:
Gold:   102        SH:  0    Dex:  8 (11) Spells: 2/8 levels left

rFire    . . .     SeeInvis .   d - +0 dagger
rCold    . . .     Gourm    .   (no shield)
rNeg     . . .     Faith    .   a - +1 hat
rPois    .         Spirit   .   (no amulet)
rElec    .         Reflect  .   (no ring)
rCorr    .         Harm     .   (no ring)
MR       .....                  (no ring)
Stlth    +++.......             (no ring)
HPRegen  0.08/turn              (no ring)
MPRegen  0.10/turn              (no ring)
                                (no ring)
                                (no ring)

@: lethally poisoned (-1 -> -11), very slightly contaminated
A: almost no armour, stealthy swim, amphibious, 8 rings, constrict 8, camouflage
1, gelatinous body 1
a: no special abilities


You were on level 3 of the Dungeon.
You were not hungry.

You visited 1 branch of the dungeon, and saw 4 of its levels.

You collected 102 gold pieces.

Inventory:

Hand Weapons
 d - a +0 dagger (weapon)
Missiles
 e - 8 javelins (quivered)
Armour
 a - a +1 hat (worn)
Wands
 h - a wand of enslavement (10)
Scrolls
 b - 3 scrolls of amnesia
 g - a scroll of teleportation
 k - a scroll of immolation
Potions
 f - 2 potions of haste
 i - a potion of curing
Comestibles
 c - 3 rations


   Skills:
 + Level 1.7 Fighting
 - Level 2.0 Dodging
 - Level 2.6 Stealth
 - Level 3.0 Spellcasting
 * Level 3.0 Conjurations
   Level 1.0 Summonings
 - Level 1.0 Translocations


You had 2 spell levels left.
You knew the following spells:

 Your Spells              Type           Power        Failure   Level  Hunger
a - Magic Dart            Conj           ##..         4%          1    None
b - Blink                 Tloc           N/A          16%         2    ##.....
c - Conjure Flame         Conj/Fire      #.......     24%         3    ###....

Your spell library contained the following spells:

 Spells                   Type           Power        Failure   Level  Hunger
 Call Imp                 Summ           #.......     16%         2    ##.....
 Slow                     Hex            #.......     22%         2    ##.....
 Mephitic Cloud           Conj/Pois/Air  #.......     30%         3    ###....


Dungeon Overview and Level Annotations

Branches:
Dungeon (4/15)
 Temple: D:4-7

Altars:
Gozag

Annotations:
D:2 Jessica, Robin, Sigmund
D:4 Pikel


Innate Abilities, Weirdness & Mutations

You cannot wear most types of armour.
You are very stealthy in the water. (Stealth+)
You are amphibious.
You can wear up to eight rings at the same time.
You can use your tentacles to constrict eight enemies at once.
Your skin changes colour to match your surroundings (Stealth+).
Your rubbery body absorbs attacks. (AC +1, EV +1)


Message History

Confirm with . or Enter, or press ? or * to list all spells.
Aiming: Magic Dart (safe; 4% risk of failure)
Press: ? - help, Shift-Dir - straight line, f/p - adder
Aim: an adder (severely wounded)
The magic dart hits the adder.
The adder is almost dead.
* * * LOW HITPOINT WARNING * * *
You feel sick. The adder bites you.
* * * LOW HITPOINT WARNING * * *
Casting: Magic Dart (safe; 4% risk of failure)
Confirm with . or Enter, or press ? or * to list all spells.
Aiming: Magic Dart (safe; 4% risk of failure)
Press: ? - help, Shift-Dir - straight line, f/p - adder
Aim: an adder (almost dead)
You miscast Magic Dart.
You are very lightly contaminated with residual magic.
Nothing appears to happen.
* * * LOW HITPOINT WARNING * * *
You feel sick. The adder bites you but does no damage. The adder bites you.
You die...

####### #.@S..##
###.###..# ##.....##.#
#.8...8.#.##
#.......#..# ##### #
#....._......# #...# #
#.#.......#..# #...# #
#.#.8...8.#.#### #...#
# #
##.....##รท...###...###


You could see an adder.

Vanquished Creatures
  An adder (D:3)
  A worm (D:3)
  A dart slug (D:1)
  A leopard gecko (D:1)
  2 goblins (D:1)
  11 hobgoblins
  3 jackals (D:1)
  4 kobolds
  A ball python (D:1)
  7 bats
  2 frilled lizards
  5 rats (D:1)
39 creatures vanquished.

Notes
Turn   | Place    | Note
-------+----------+-------------------------------------------
     0 | D:1      | Ijustatesigmund the Octopode Wizard began the quest for the
                  | Orb.
     0 | D:1      | Reached XP level 1. HP: 11/11 MP: 4/4
   205 | D:1      | Reached XP level 2. HP: 10/18 MP: 1/6
   209 | D:1      | Learned a level 2 spell: Blink
   701 | D:1      | Reached skill level 1 in Fighting
  1127 | D:1      | Reached XP level 3. HP: 23/23 MP: 2/7
  2042 | D:2      | Noticed Sigmund
  2281 | D:2      | Learned a level 3 spell: Conjure Flame
  2488 | D:2      | Noticed Robin
  2494 | D:2      | Noticed Jessica
  2909 | D:4      | Noticed Pikel
  2909 | D:4      | Noticed a slave
  2909 | D:4      | Noticed a slave
  2909 | D:4      | Noticed a slave
  2909 | D:4      | Noticed a slave
  3309 | D:3      | Found an opulent altar of Gozag.
  3328 | D:3      | Slain by an adder

Levels and vault maps discovered:
D:1:      dpeg_arrival_orchard, layout_basic, minivault_19
D:2:      layout_basic, old_standard_altar, grunt_temple_overflow_open,
          uniq_robin, uniq_jessica, uniq_sigmund
D:3:      layout_basic, grunt_gozag_statues, uniq_natasha, uniq_grinder
D:4:      layout_loops_ring, portal_sewer_entry_e, minmay_splitting_lines,
          uniq_duvessa, uniq_pikel

Skill      XL: |  1  2  3 |
---------------+----------+-----
Conjurations   | 2 3 |  3.0
Fighting       | 1 |  1.7
Dodging        | |  2.0
Stealth        | |  2.6
Spellcasting   | |  3.0
Summonings     | |  1.0
Translocations | |  1.0

Action                   || total
-------------------------++-------
Melee: Dagger            ||    78
       Constrict         ||    16
       Tentacles         ||     6
 Cast: Magic Dart        ||    75
       Blink             ||     2
Evoke: Wand              ||     3
  Use: Scroll            ||     5
       Potion            ||     4
 Stab: Sleeping          ||     4
  Eat: Chunk             ||     4
       Ration            ||     1
Armor: Skin              ||    16
Dodge: Dodged            ||    77

Table legend:
 A = Non-vault XP
 B = Vault XP
 C = Vault XP percentage of total XP
 D = Non-vault monster count
 E = Vault monster count
 F = Vault count percentage of total count
                 A         B        C        D         E       F
            +---------+---------+-------+---------+---------+-------
      Total |      80 |       0 |   0.0 |      39 |       0 |   0.0
            +---------+---------+-------+---------+---------+-------
        D:1 |      50 |       0 |   0.0 |      29 |       0 |   0.0
        D:2 |       8 |       0 |   0.0 |       5 |       0 |   0.0
        D:3 |      22 |       0 |   0.0 |       5 |       0 |   0.0
            +---------+---------+-------+---------+---------+-------
